[Event "Early-Titled-Tuesday-Blitz-May-14-2024"]
[Site "Chess.com"]
[Date "2024.05.14"]
[Round "7"]
[White "NinoMaisuradze"]
[Black "Sasha_Solovev_777"]
[Result "0-1"]
[WhiteElo "2356"]
[BlackElo "2233"]
[TimeControl "180+1"]
[EndTime "9:17:57 PDT"]
[Termination "Sasha_Solovev_777 won by resignation"]

1. d4 Nf6 2. Nf3 g6 3. c4 Bg7 4.
Nc3 d6 5. e3 O-O 6. Be2 Nc6 7.
Rb1 e5 8. b4 exd4 9. exd4 Re8 10. O-O Bf5 11. Rb3 Ne4 12. Nxe4 Bxe4 13. d5 Bxf3 14. Bxf3 Nd4 15. Rd3 Nxf3+ 16. Rxf3 a5 17. b5 Qh4 18. Qd3 Qd4 19. Qxd4 Bxd4 20. Rd1 Bc5 21.
Be3 Bxe3 22. Rxe3 Rxe3 23. fxe3 Re8 24. Kf2 Re4 25. Rc1 b6 26. Kf3 f5 27. a4 Kf7 28. g3 Kf6 29. h4 h6 30. Rc2 g5 31.
hxg5+ hxg5 32. Rc1 Ke5 33. Rc2 f4 34. exf4+ gxf4 35. gxf4+ Rxf4+ 36. Ke3 Rh4 37. Re2 Re4+ 38. Kd3 Rxe2 39. Kxe2 Kd4 0-1

[Event "Early-Titled-Tuesday-Blitz-May-14-2024"]
[Site "Chess.com"]
[Date "2024.05.14"]
[Round "7"]
[White "Chernov_Mikhail"]
[Black "ClauAmura"]
[Result "0-1"]
[WhiteElo "2359"]
[BlackElo "2340"]
[TimeControl "180+1"]
[EndTime "9:17:59 PDT"]
[Termination "ClauAmura won by resignation"]

1. e4 c5 2. Nf3 Nc6 3. Bb5 Nf6 4. d3 g6 5. O-O Bg7 6. h3 O-O 7. c4 Ne8 8. Bxc6 dxc6 9. Nc3 Nc7 10. Be3 Ne6 11.
e5 b6 12. Qe2 Qc7 13. d4 cxd4 14.
Bxd4 Nxd4 15. Nxd4 Bxe5 16. Nxc6 Bh2+ 17. Kh1 Bd6 18. Nd4 a6 19. b3 Bb7 20. Rad1 b5 21.
Rc1 bxc4 22. Ne4 Qd7 23. Rxc4 Bf4 24. Nc5 Qxh3+ 0-1

[Event "Early-Titled-Tuesday-Blitz-May-14-2024"]
[Site "Chess.com"]
[Date "2024.05.14"]
[Round "7"]
[White "KnightDuta"]
[Black "1stSecond"]
[Result "0-1"]
[WhiteElo "2736"]
[BlackElo "2899"]
[TimeControl "180+1"]
[EndTime "9:18:00 PDT"]
[Termination "1stSecond won by checkmate"]

1. e4 c6 2. d4 d5 3. Nc3 dxe4 4.
Nxe4 Nf6 5. Nxf6+ exf6 6. c3 Bd6 7. Bd3 O-O 8. Qc2 Re8+ 9. Ne2 h5 10. O-O h4 11. Be3 Nd7 12. Rfe1 h3 13. Bf4 Nf8 14. Bxd6 Qxd6 15. Ng3 Bd7 16. Ne4 Qd5 17. b3 b5 18.
f3 Rad8 19. Nc5 hxg2 20. Qxg2 Bc8 21. Kf2 b4 22. Bc4 Qd6 23. Rg1 g6 24. Ne4 Qf4 25. Qg3 Rxe4 26. Qxf4 Rxf4 27. cxb4 Rfxd4 28. Rae1 Be6 29. Bxe6 Nxe6 30. Rc1 Rd2+ 31. Kg3 Nd4 32. Rc4 Ne2+ 33. Kf2 Nxg1+ 34. Kxg1 Rxa2 35. Rc1 Rdd2 36. b5 cxb5 37. b4 Rg2+ 38. Kh1 Rxh2+ 39. Kg1 Rag2+ 40. Kf1 Rh1+ 41. Kxg2 Rxc1 42. f4 Rc4 43. f5 Rxb4 44. fxg6 fxg6 45. Kf3 f5 46. Ke3 Rc4 47. Kd3 a5 48.
Ke3 a4 49. Kd3 a3 50. Kd2 a2 51. Ke2 a1=Q 52. Ke3 Qa3+ 53. Kd2 Qb3 54. Ke1 Rc2 55. Kd1 Qb1# 0-1

[Event "Early-Titled-Tuesday-Blitz-May-14-2024"]
[Site "Chess.com"]
[Date "2024.05.14"]
[Round "7"]
[White "Sanyura"]
[Black "motivated_bishop"]
[Result "1-0"]
[WhiteElo "2642"]
[BlackElo "2493"]
[TimeControl "180+1"]
[EndTime "9:18:00 PDT"]
[Termination "Sanyura won by resignation"]

1. e4 e5 2. Nf3 Nc6 3. Bb5 a6 4. Ba4 Nf6 5. O-O Be7 6. Re1 b5 7. Bb3 d6 8. c3 O-O 9. h3 Nb8 10. d4 Nbd7 11. a3 Bb7 12. Nbd2 c5 13. Bc2 Re8 14. b4 Bf8 15. Bb2 g6 16. dxe5 dxe5 17. Nb3 Rc8 18. Na5 Ba8 19. Qe2 Qc7 20. Red1 cxb4 21.
axb4 Bxb4 22. Bb3 Bxa5 23. Ng5 Rf8 24. Ba3 Nc5 25. Bxc5 Qxc5 26. Rxa5 Qxc3 27. Rxa6 Qxb3 28. Rxf6 Rc2 29. Qg4 h5 30. Qd7 Bc6 31. Rxg6+ Kh8 32. Rh6+ Kg7 33. Rh7+ Kg8 34. Qf5 Rxf2 35. Rh8+ Kg7 36.
Qh7+ Kf6 37. Qh6+ 1-0

[Event "Early-Titled-Tuesday-Blitz-May-14-2024"]
[Site "Chess.com"]
[Date "2024.05.14"]
[Round "7"]
[White "lluiss"]
[Black "Azalea95"]
[Result "0-1"]
[WhiteElo "2207"]
[BlackElo "2396"]
[TimeControl "180+1"]
[EndTime "9:18:01 PDT"]
[Termination "Azalea95 won on time"]

1. e4 e6 2. d4 d5 3. e5 c5 4. Nf3 Nc6 5. dxc5 Bxc5 6. Bd3 Nge7 7. O-O Nf5 8. Bxf5 exf5 9. c3 Be6 10. Nbd2 g5 11. Nb3 Be7 12. Nfd4 O-O 13. f4 g4 14. Be3 a5 15. Nxc6 bxc6 16. Nc5 Qb6 17. b4 axb4 18. cxb4 Qxb4 19. Nd3 Qe4 20. Bc5 Bxc5+ 21.
Nxc5 Qe3+ 0-1

[Event "Early-Titled-Tuesday-Blitz-May-14-2024"]
[Site "Chess.com"]
[Date "2024.05.14"]
[Round "7"]
[White "RandomNoob04"]
[Black "SoCalJuniorChess"]
[Result "1-0"]
[WhiteElo "2723"]
[BlackElo "2231"]
[TimeControl "180+1"]
[EndTime "9:18:03 PDT"]
[Termination "RandomNoob04 won on time"]

1. e4 d5 2. exd5 Qxd5 3. Nc3 Qd8 4. d4 Nf6 5. Nf3 Bg4 6. h3 Bxf3 7. Qxf3 c6 8. Be3 e6 9. O-O-O Bb4 10. Ne4 Nbd7 11. Bd3 Nxe4 12. Qxe4 Nf6 13. Qh4 Nd5 14. Qg3 g6 15. Bh6 Bf8 16. Bxf8 Rxf8 17. Kb1 Qc7 18. Qf3 Qb6 19. Bc4 O-O-O 20. c3 Kb8 21. h4 h5 22. Ka1 Qc7 23. g4 hxg4 24. Qxg4 Qf4 25.
Qe2 Rh8 26. h5 Rxh5 27. Rxh5 gxh5 28. Qxh5 Qxf2 29. Rf1 Qg3 30. Bxd5 exd5 31. Qxf7 Rc8 32. a3 b6 33. Qd7 Rc7 34. Qe8+ Rc8 35. Qd7 Qc7 36.
Qe6 Qh2 37. Rf7 Qg1+ 38. Ka2 1-0

[Event "Early-Titled-Tuesday-Blitz-May-14-2024"]
[Site "Chess.com"]
[Date "2024.05.14"]
[Round "7"]
[White "TitarovVasiliYouTube"]
[Black "czechbul17"]
[Result "0-1"]
[WhiteElo "2616"]
[BlackElo "2222"]
[TimeControl "180+1"]
[EndTime "9:18:07 PDT"]
[Termination "czechbul17 won by resignation"]

1. Nf3 Nf6 2. g3 d5 3. Bg2 Bf5 4. O-O e6 5. c4 c6 6. Qb3 Qb6 7.
d3 Nbd7 8. Nc3 Nc5 9. Qxb6 axb6 10. Bf4 Be7 11. Bc7 Bd8 12. Bxd8 Kxd8 13. Nh4 Bg6 14. Nxg6 hxg6 15. Rfd1 d4 16. Ne4 Nfxe4 17. dxe4 e5 18.
e3 Kc7 19. f4 dxe3 20. b4 Ne6 21. fxe5 Ra4 22. a3 Rd8 23. Rxd8 Kxd8 24. Kf1 Nd4 25. c5 e2+ 26. Kf2 Nc2 27. Rc1 e1=Q+ 28. Rxe1 Nxe1 29. Kxe1 bxc5 30. bxc5 Rxa3 31. Kd2 Ra2+ 0-1

[Event "Early-Titled-Tuesday-Blitz-May-14-2024"]
[Site "Chess.com"]
[Date "2024.05.14"]
[Round "7"]
[White "Cheer_Down"]
[Black "MatyChess1"]
[Result "1-0"]
[WhiteElo "2464"]
[BlackElo "2628"]
[TimeControl "180+1"]
[EndTime "9:18:11 PDT"]
[Termination "Cheer_Down won by resignation"]

1. e4 c6 2. d4 d5 3. e5 Bf5 4. h4 h5 5. Bd3 Bxd3 6. Qxd3 e6 7.
Bg5 Qb6 8. Nd2 Ne7 9. c4 Nf5 10. Ne2 Bb4 11. O-O Bxd2 12. Bxd2 Nxh4 13. Ng3 Ng6 14.
f4 h4 15. Ne2 h3 16. gxh3 dxc4 17. Qg3 Qxb2 18. Rad1 Qc2 19. f5 Ne7 20. fxe6 fxe6 21.
Nf4 Qf5 22. Bb4 c5 23. Bxc5 Nbc6 24. d5 Qxe5 25. Rfe1 Qf5 26. Nxe6 Qxh3 27. Qxh3 Rxh3 28. dxc6 1-0

[Event "Early-Titled-Tuesday-Blitz-May-14-2024"]
[Site "Chess.com"]
[Date "2024.05.14"]
[Round "7"]
[White "Massakru"]
[Black "Sofia_Blokhin"]
[Result "1-0"]
[WhiteElo "2410"]
[BlackElo "2264"]
[TimeControl "180+1"]
[EndTime "9:18:12 PDT"]
[Termination "Massakru won by resignation"]

1. e4 c5 2. c3 Nf6 3. e5 Nd5 4.
Bc4 e6 5. Nf3 d6 6. O-O Nc6 7.
d4 cxd4 8. cxd4 Be7 9. Qe2 O-O 10. Rd1 b6 11. a3 Bb7 12. Nbd2 Rc8 13. Nf1 Na5 14. Ba2 Rc7 15. Ng3 Qc8 16. Ne4 dxe5 17. dxe5 Rc2 18. Qe1 Ba6 19. Nd4 Rc7 20. Nd6 Bxd6 21.
exd6 Rd7 22. Nxe6 Re8 23. Bxd5 Rxd6 24. Ba2 Rxd1 25. Qxd1 fxe6 26. Bd2 Nc6 27. Bc3 Qd8 28. Qg4 Qe7 29. Bxe6+ Kh8 30. Bd7 Be2 31. Qxg7+ Qxg7 32. Bxg7+ Kxg7 33. Bxe8 Nd4 34. f3 Nc2 35. Rc1 Bd3 36. Ba4 Nd4 37. Rc7+ Kf6 38. Rxa7 1-0

[Event "Early-Titled-Tuesday-Blitz-May-14-2024"]
[Site "Chess.com"]
[Date "2024.05.14"]
[Round "7"]
[White "bescmelasti"]
[Black "suyu28"]
[Result "0-1"]
[WhiteElo "2622"]
[BlackElo "2841"]
[TimeControl "180+1"]
[EndTime "9:18:14 PDT"]
[Termination "suyu28 won on time"]

1. e4 g6 2. d4 Bg7 3. Nc3 d6 4. Be3 a6 5. a4 Nf6 6. Nf3 O-O 7.
Qd2 Nc6 8. h3 e5 9. d5 Ne7 10.
g4 c6 11. dxc6 bxc6 12. O-O-O d5 13. Nxe5 Nxe4 14. Nxe4 Bxe5 15. Bd4 Qc7 16. Nf6+ Kg7 17. Qg5 Bf4+ 18. Kb1 Bxg5 19. Nxd5+ Kg8 20. Nxc7 Rb8 21. Nxa6 Ra8 22. Nc5 Nd5 23. Bc4 Rd8 24. Rhe1 Rb8 25. b3 h6 26. Kb2 Bf4 27. Bxd5 cxd5 28. Be5 Rb4 29. Bxf4 Rxf4 30. Rd2 Rf3 31. Re3 Rf4 32. Nd3 Re4 33. Kc3 d4+ 0-1

[Event "Early-Titled-Tuesday-Blitz-May-14-2024"]
[Site "Chess.com"]
[Date "2024.05.14"]
[Round "7"]
[White "SujanaLohani"]
[Black "JanMur7"]
[Result "0-1"]
[WhiteElo "1961"]
[BlackElo "2273"]
[TimeControl "180+1"]
[EndTime "9:18:15 PDT"]
[Termination "JanMur7 won by resignation"]

1. e4 g6 2. d4 Bg7 3. Nf3 c5 4. d5 d6 5. Nc3 Nf6 6. Be2 O-O 7. O-O a6 8. a4 Bd7 9. h3 Be8 10. Bf4 Nbd7 11. Bh2 Nb6 12. a5 Nc8 13. e5 dxe5 14.
Nxe5 Nd6 15. Nc4 Nfe4 16. Nxe4 Nxe4 17. Bf3 Nd6 18. Nxd6 exd6 19. c3 Bb5 20. Be2 Bxe2 21. Qxe2 Re8 22. Qf3 f5 23. Rfe1 Qd7 24. Re6 Rxe6 25. dxe6 Qxe6 26. Qxb7 Re8 27. Bf4 h6 28. Qxa6 g5 29. Bd2 Qd5 30. Rd1 Be5 31. Qb5 Re7 32. a6 Bf4 33. a7 Kg7 34. c4 Qxd2 35. Rf1 Rxa7 36. g3 Be5 37. Qb8 Rf7 38.
b3 f4 39. g4 f3 40. Qe8 Qf4 0-1

[Event "Early-Titled-Tuesday-Blitz-May-14-2024"]
[Site "Chess.com"]
[Date "2024.05.14"]
[Round "7"]
[White "invisible_s0ul"]
[Black "Actuary44"]
[Result "0-1"]
[WhiteElo "2322"]
[BlackElo "2474"]
[TimeControl "180+1"]
[EndTime "9:18:17 PDT"]
[Termination "Actuary44 won by resignation"]

1. e4 b6 2. d4 Bb7 3. Bd3 e6 4. f4 Nf6 5. Qe2 d5 6. e5 Ne4 7.
Nd2 Qh4+ 8. g3 Nxg3 9. Qf2 Nf5 10. Bxf5 Qxf2+ 11. Kxf2 exf5 12. Ngf3 c5 13. c3 Nc6 14. Rg1 g6 15. Nf1 f6 16. Ne3 fxe5 17. Nxd5 O-O-O 18. c4 e4 19. Ng5 Bg7 20. Nf7 cxd4 21. Nxh8 Bxh8 22.
Rd1 e3+ 23. Ke2 Ba6 24. b3 Rxd5 25. Bxe3 dxe3 26. Rxd5 Bxa1 27. Kxe3 Bb7 28. Rd1 Bc3 29. Kd3 Bd4 30. a3 Bb2 31. a4 Kd7 32. Kc2+ Bd4 33. b4 Nxb4+ 34. Kb3 Nc6 35. a5 Nxa5+ 0-1

[Event "Early-Titled-Tuesday-Blitz-May-14-2024"]
[Site "Chess.com"]
[Date "2024.05.14"]
[Round "7"]
[White "ReadySkate"]
[Black "Rodalquilar"]
[Result "0-1"]
[WhiteElo "2732"]
[BlackElo "2880"]
[TimeControl "180+1"]
[EndTime "9:18:19 PDT"]
[Termination "Rodalquilar won by checkmate"]

1. d4 d5 2. c4 e6 3. Nc3 a6 4. e4 dxe4 5. Nxe4 Bb4+ 6. Nc3 c5 7. a3 Bxc3+ 8. bxc3 Qa5 9. Bd2 Nf6 10. Nf3 O-O 11. Bd3 Rd8 12. O-O Nc6 13. Qe2 Qc7 14. Bg5 cxd4 15.
Bxf6 gxf6 16. Nxd4 Nxd4 17. Qg4+ Kf8 18. cxd4 Qd6 19.
Bxh7 Qxd4 20. Qg3 Qe5 21. f4 Qd4+ 22. Kh1 f5 23. Qg5 Rd6 24. c5 Rd5 25. Qh4 Bd7 26.
Rae1 Qg7 27. Re3 Bb5 28. Rg1 Rd3 29. Rxd3 Bxd3 30. Rd1 Ke8 31. h3 Be4 32. a4 Qxg2# 0-1

[Event "Early-Titled-Tuesday-Blitz-May-14-2024"]
[Site "Chess.com"]
[Date "2024.05.14"]
[Round "7"]
[White "Savagelittlemole"]
[Black "FoggyMorning"]
[Result "0-1"]
[WhiteElo "2473"]
[BlackElo "2616"]
[TimeControl "180+1"]
[EndTime "9:18:19 PDT"]
[Termination "FoggyMorning won by resignation"]

1. e4 e6 2. d4 d5 3. Nd2 c5 4. exd5 Qxd5 5. Ngf3 cxd4 6. Bc4 Qd6 7. O-O Nf6 8. Nb3 Nc6 9. Nbxd4 Nxd4 10. Nxd4 a6 11. c3 Qc7 12. Bb3 Bd6 13. Nf3 O-O 14.
Bg5 Ng4 15. h3 Ne5 16. Nxe5 Bxe5 17. f4 Bd6 18. Qh5 b5 19. Rad1 Bb7 20. Bc2 g6 21.
Qh6 Rfe8 22. Rxd6 Qxd6 23. Bf6 Qf8 24. Qh4 Rac8 25. f5 exf5 26. Bxf5 Rc4 27. Qg3 Qc5+ 28. Kh1 Qc6 29. Rf2 Qxf6 30. Bd3 Qh4 0-1

[Event "Early-Titled-Tuesday-Blitz-May-14-2024"]
[Site "Chess.com"]
[Date "2024.05.14"]
[Round "7"]
[White "Flaccidmoves"]
[Black "ZachHKL"]
[Result "1-0"]
[WhiteElo "2426"]
[BlackElo "2307"]
[TimeControl "180+1"]
[EndTime "9:18:22 PDT"]
[Termination "Flaccidmoves won by resignation"]

1. c4 c6 2. d4 d5 3. cxd5 cxd5 4. Bg5 Nc6 5. Nc3 h6 6. Bh4 Nf6 7. Bxf6 gxf6 8. e3 Rg8 9. g3 e6 10. Nge2 Bd6 11. Bg2 Bd7 12. Rc1 a6 13. O-O h5 14.
h4 Qc7 15. Na4 Ke7 16. Nc5 b6 17. Nxd7 Qxd7 18. e4 dxe4 19. d5 Ne5 20. Bxe4 Rac8 21. Qb3 f5 22. Bg2 Bc5 23. dxe6 fxe6 24. Rfd1 Qe8 25.
Nf4 Qf7 26. Re1 Qf6 27. Rxc5 Rxc5 28. Qxb6 Rgc8 29. Nxh5 Qh8 30. Nf4 Qf6 31. b4 Rc4 32.
Qe3 Ng4 33. Qa7+ R8c7 34. Nd5+ Kd6 35. Qb6+ Kd7 36. Nxf6+ 1-0

[Event "Early-Titled-Tuesday-Blitz-May-14-2024"]
[Site "Chess.com"]
[Date "2024.05.14"]
[Round "7"]
[White "Mikhail_Bryakin"]
[Black "Msb2"]
[Result "0-1"]
[WhiteElo "2891"]
[BlackElo "3068"]
[TimeControl "180+1"]
[EndTime "9:18:26 PDT"]
[Termination "Msb2 won by resignation"]

1. Nf3 d5 2. d4 e6 3. Bf4 c5 4. e3 Nc6 5. c3 Bd6 6. Bg3 Nge7 7. Nbd2 cxd4 8. cxd4 O-O 9. Bd3 Nf5 10. Bxf5 exf5 11. O-O f4 12. Bxf4 Bxf4 13. exf4 Qf6 14. Ne5 Nxd4 15. Ndf3 Nxf3+ 16. Qxf3 Be6 17. Rad1 Rac8 18.
Rd4 Rc7 19. Qa3 a6 20. h3 Rfc8 21. Rfd1 h6 22. R1d2 Rc1+ 23. Kh2 Rf1 24. Kg3 h5 25. h4 Rh1 26. Kf3 Bg4+ 27. Nxg4 hxg4+ 28. Kxg4 Qxh4+ 29. Kf3 Re8 30. g3 Qh5+ 31. Kg2 Rh2+ 0-1

[Event "Early-Titled-Tuesday-Blitz-May-14-2024"]
[Site "Chess.com"]
[Date "2024.05.14"]
[Round "7"]
[White "RantomOpening"]
[Black "jumpingknight20"]
[Result "0-1"]
[WhiteElo "2554"]
[BlackElo "2756"]
[TimeControl "180+1"]
[EndTime "9:18:26 PDT"]
[Termination "jumpingknight20 won by resignation"]

1. c4 Nf6 2. Nf3 g6 3. Nc3 c5 4.
e4 d6 5. d4 cxd4 6. Nxd4 Bg7 7. Be2 O-O 8. Be3 Nc6 9. O-O Bd7 10. h3 Nxd4 11. Bxd4 Bc6 12. Qc2 Nd7 13. Bxg7 Kxg7 14.
Rad1 Qb6 15. b3 Nc5 16. Nd5 Bxd5 17. exd5 a5 18. Bg4 h5 19. Bf3 Rfe8 20. Rfe1 Qb4 21.
Qb2+ Kg8 22. Qd2 Qxd2 23. Rxd2 Ra6 24. Re3 Rb6 25. Bd1 a4 26. Rde2 axb3 27. axb3 Kf8 28. Kh2 Na6 29. f4 Nc5 30. f5 gxf5 31. Kg3 e5 32.
dxe6 fxe6 33. Kh4 Kf7 34. Rf2 Rh8 35. Bxh5+ Kf6 36. g4 Rxb3 37. g5+ Kg7 38. Re1 Rxh5+ 0-1

[Event "Early-Titled-Tuesday-Blitz-May-14-2024"]
[Site "Chess.com"]
[Date "2024.05.14"]
[Round "7"]
[White "chessfatbear"]
[Black "jefferyx"]
[Result "1/2-1/2"]
[WhiteElo "2907"]
[BlackElo "3082"]
[TimeControl "180+1"]
[EndTime "9:18:28 PDT"]
[Termination "Game drawn by agreement"]

1. e4 e5 2. Nf3 Nc6 3. Bb5 Nf6 4. d3 Bc5 5. Bxc6 dxc6 6. Nbd2 Be6 7. Qe2 Nd7 8. Nc4 Bxc4 9. dxc4 Qe7 10. O-O O-O 11.
Be3 f6 12. Rfd1 Rfd8 13. Ne1 Nf8 14. c3 Ne6 15. Nc2 a5 16. g3 a4 17. Kg2 Rxd1 18.
Rxd1 Rd8 19. b4 axb3 20. axb3 Bxe3 21. Rxd8+ Qxd8 22. Nxe3 Nc5 23. Qc2 Qd3 24. Qxd3 Nxd3 25. b4 Nb2 26. Kf1 Na4 27. Nd1 Nb6 28. c5 Nc4 29. Ke2 b5 30. Ne3 Nxe3 31. Kxe3 Kf7 32. f3 1/2-1/2

[Event "Early-Titled-Tuesday-Blitz-May-14-2024"]
[Site "Chess.com"]
[Date "2024.05.14"]
[Round "7"]
[White "super_emi_26"]
[Black "Viktoker"]
[Result "1-0"]
[WhiteElo "2871"]
[BlackElo "2353"]
[TimeControl "180+1"]
[EndTime "9:18:31 PDT"]
[Termination "super_emi_26 won by resignation"]

1. b3 f5 2. Bb2 Nf6 3. e3 d6 4. d4 g6 5. Nf3 Bg7 6. g3 O-O 7.
Bg2 Nc6 8. O-O Ne4 9. Nfd2 Nxd2 10. Nxd2 e5 11. dxe5 dxe5 12. Nc4 Qe7 13. Ba3 Qf7 14. Bxf8 Qxf8 15. Qd5+ Kh8 16. Rad1 e4 17. f3 exf3 18. Bxf3 Qe7 19. Qd2 Be6 20. Bd5 Rd8 21. Qg2 Bd7 22.
Kh1 Re8 23. Rfe1 Nb4 24. Bf3 Nxa2 25. e4 Nc3 26. Rd3 Nxe4 27. Rde3 Bd4 28. R3e2 Nf2+ 29.
Qxf2 Bxf2 30. Rxe7 Bxe1 31. Rxd7 1-0

[Event "Early-Titled-Tuesday-Blitz-May-14-2024"]
[Site "Chess.com"]
[Date "2024.05.14"]
[Round "7"]
[White "vugarrasulov"]
[Black "Zurability"]
[Result "1-0"]
[WhiteElo "2994"]
[BlackElo "2826"]
[TimeControl "180+1"]
[EndTime "9:18:33 PDT"]
[Termination "vugarrasulov won by resignation"]

1. e4 e5 2. Nf3 Nc6 3. Bb5 a6 4. Ba4 Nf6 5. Bxc6 dxc6 6. d3 Bd6 7. Nc3 Nd7 8. O-O Nf8 9. d4 exd4 10.
Nxd4 Ng6 11. Nf5 O-O 12. Qh5 Bf4 13. Bxf4 Nxf4 14. Qf3 Ng6 15. Rad1 Qg5 16. Qg3 Qxg3 17. Nxg3 Nf4 18. f3 Be6 19. Rd2 Rfd8 20. Rfd1 Rxd2 21. Rxd2 Kf8 22. Kf2 Ke7 23. Ke3 g5 24. Nf5+ Bxf5 25. exf5 Rd8 26. Rxd8 Kxd8 27. g3 Nd5+ 28. Nxd5 cxd5 29.
Kd4 c6 30. Ke5 Ke7 31. f6+ Kd7 32. g4 h6 33. h3 a5 34. a4 b6 35. b3 Kc7 36. f4 gxf4 37. Kxf4 Kd6 38. Kf5 b5 39. h4 bxa4 40. bxa4 c5 41. g5 hxg5 42. hxg5 c4 43. g6 fxg6+ 44. Kxg6 d4 45. f7 1-0

[Event "Early-Titled-Tuesday-Blitz-May-14-2024"]
[Site "Chess.com"]
[Date "2024.05.14"]
[Round "7"]
[White "Mikhail_Golubev"]
[Black "FREDERICKtheMATE"]
[Result "0-1"]
[WhiteElo "2536"]
[BlackElo "2674"]
[TimeControl "180+1"]
[EndTime "9:18:33 PDT"]
[Termination "FREDERICKtheMATE won on time"]

1. e4 e6 2. d4 d5 3. e5 c5 4. c3 Qb6 5. Nf3 Bd7 6. Bd3 Bb5 7. O-O Bxd3 8. Qxd3 Nc6 9. dxc5 Bxc5 10. b4 Be7 11.
Be3 Qc7 12. Nbd2 a6 13. Rfe1 Bd8 14. Bc5 Be7 15. Nb3 Bxc5 16. Nxc5 Nge7 17. a3 h6 18. c4 O-O 19. cxd5 Nxd5 20. Rac1 Rfd8 21. Qe4 Qb6 22. Nd2 Ndxb4 23. axb4 Rxd2 24. Qe3 Rd5 25. Qg3 Qxb4 26. Ne4 Kh7 27. Nd6 Nxe5 28. Rxe5 Qxd6 29. Rxd5 Qxg3 30. hxg3 exd5 0-1

[Event "Early-Titled-Tuesday-Blitz-May-14-2024"]
[Site "Chess.com"]
[Date "2024.05.14"]
[Round "7"]
[White "RobertoJBM"]
[Black "hakanazeri2"]
[Result "0-1"]
[WhiteElo "2833"]
[BlackElo "2599"]
[TimeControl "180+1"]
[EndTime "9:18:35 PDT"]
[Termination "hakanazeri2 won on time"]

1. d4 Nf6 2. Nf3 d5 3. e3 c5 4.
c3 Qc7 5. Nbd2 g6 6. b4 cxd4 7. cxd4 Bg7 8. Bb2 O-O 9. Rc1 Qb6 10. Qb3 Nc6 11. b5 Na5 12. Qb4 Bd7 13. Be2 a6 14. a4 axb5 15. axb5 Rfc8 16. O-O e6 17. Rxc8+ Bxc8 18. Ra1 Bf8 19. Qc3 Bd7 20. Nb3 Bxb5 21. Bxb5 Qxb5 22. Rxa5 Rxa5 23. Nxa5 Bb4 24. Qc8+ Kg7 25. Nb3 Qd3 26. Qc1 Qxb3 27. Ne5 Ne4 28. h3 Nd6 29. Ba1 Nc4 30. Nf3 b5 31. g4 Ba3 32. Qf1 b4 33.
Kg2 Qa2 34. Kg3 b3 35. Bc3 Qc2 36. Qe1 Bb4 37. Bxb4 b2 38. Bc5 b1=Q 0-1

[Event "Early-Titled-Tuesday-Blitz-May-14-2024"]
[Site "Chess.com"]
[Date "2024.05.14"]
[Round "7"]
[White "WilsonPalencia21"]
[Black "urano56"]
[Result "1/2-1/2"]
[WhiteElo "2589"]
[BlackElo "2433"]
[TimeControl "180+1"]
[EndTime "9:18:38 PDT"]
[Termination "Game drawn by repetition"]

1. d4 d5 2. Nf3 Nf6 3. c4 e6 4.
Nc3 c6 5. Bg5 Nbd7 6. e3 Be7 7.
Qc2 O-O 8. O-O-O a6 9. h4 dxc4 10. Bxc4 b5 11. Bd3 Bb7 12. Bxf6 Nxf6 13. Ne5 Qc7 14.
f4 c5 15. dxc5 Bxc5 16. Rde1 Rac8 17. Kb1 Qb6 18. Qe2 Bb4 19. Rc1 Bxc3 20. Rxc3 Rxc3 21. bxc3 Rc8 22. Rc1 Nd5 23. Bxh7+ Kxh7 24. Qh5+ Kg8 25. Qxf7+ Kh7 26. Qh5+ Kg8 27. Qf7+ Kh8 28. Qh5+ Kg8 29.
Qf7+ 1/2-1/2

[Event "Early-Titled-Tuesday-Blitz-May-14-2024"]
[Site "Chess.com"]
[Date "2024.05.14"]
[Round "7"]
[White "amanjazu"]
[Black "luggevoila"]
[Result "0-1"]
[WhiteElo "2520"]
[BlackElo "2350"]
[TimeControl "180+1"]
[EndTime "9:18:38 PDT"]
[Termination "luggevoila won by resignation"]

1. g3 d5 2. Bg2 Nf6 3. f4 c5 4. Nf3 Nc6 5. O-O e6 6. d3 Be7 7. Nc3 d4 8. Ne4 Nxe4 9. dxe4 O-O 10. e3 e5 11. Nxe5 Nxe5 12. fxe5 Be6 13. b3 Qb6 14. c4 dxc3 15. Qc2 Rac8 16. Rb1 Qa5 17. a3 Rfd8 18. Rd1 Rxd1+ 19. Qxd1 b5 20. Bf1 b4 21. Bc4 Bxc4 22.
bxc4 Rd8 23. Qc2 Qa6 24. Qe2 Qc6 25. Qf3 c2 26. Ra1 Rd1+ 27. Kf2 b3 28. Qg4 Rxc1 29.
Rxc1 b2 30. Rxc2 b1=Q 31. Rd2 Qbxe4 0-1

[Event "Early-Titled-Tuesday-Blitz-May-14-2024"]
[Site "Chess.com"]
[Date "2024.05.14"]
[Round "7"]
[White "Yaacovn"]
[Black "Antosha_Chekhonte"]
[Result "1-0"]
[WhiteElo "2812"]
[BlackElo "2584"]
[TimeControl "180+1"]
[EndTime "9:18:39 PDT"]
[Termination "Yaacovn won on time"]

1. d4 Nf6 2. e3 e6 3. Bd3 c5 4. c3 b6 5. f4 Bb7 6. Nf3 Be7 7. O-O O-O 8. Nbd2 cxd4 9. exd4 d6 10. Qe2 Nbd7 11.
Ng5 h6 12. Nge4 Re8 13. Nf3 Bf8 14. Re1 Bxe4 15. Bxe4 Nxe4 16. Qxe4 Nf6 17. Qe2 Qd7 18. a4 Qc6 19. Qb5 Rec8 20. Bd2 a6 21. Qxc6 Rxc6 22. g3 Nd5 23. Kg2 g6 24. Rec1 Rac8 25. Kf2 Bg7 26. Ke2 b5 27. Kd3 Bf8 28. axb5 axb5 29.
Re1 b4 30. Rec1 bxc3 31. bxc3 Rc4 32. g4 Be7 33. h3 Kg7 34. f5 exf5 35. gxf5 gxf5 36.
Ra5 Nb6 37. Rxf5 Rf8 38. Rb5 Rc6 39. d5 Rc5 40. Rxb6 Rxd5+ 41. Nd4 Bf6 42. Rg1+ Kh7 43. Rb5 Bxd4 44. Rxd5 Bxg1 45. Rxd6 f5 46. Rxh6+ Kg7 47.
Rc6 f4 48. Ke4 f3 49. Bh6+ Kg8 50. Bxf8 Kxf8 51. Rf6+ Ke7 52. Rxf3 1-0

[Event "Early-Titled-Tuesday-Blitz-May-14-2024"]
[Site "Chess.com"]
[Date "2024.05.14"]
[Round "7"]
[White "gau248"]
[Black "DACF2905"]
[Result "1-0"]
[WhiteElo "2606"]
[BlackElo "2429"]
[TimeControl "180+1"]
[EndTime "9:18:39 PDT"]
[Termination "gau248 won by checkmate"]

1. c4 e5 2. Nc3 Nf6 3. d3 Nc6 4. Nf3 Bb4 5. e4 h6 6. Be2 O-O 7. a3 Bxc3+ 8. bxc3 d6 9. O-O Na5 10.
g3 c5 11. Nh4 Bh3 12. Ng2 Re8 13. f4 Bxg2 14. Kxg2 Qb6 15. fxe5 dxe5 16. Be3 Rac8 17. Rb1 Qc6 18. Qe1 b6 19. g4 Re6 20. Qg3 Rce8 21.
h4 Nh7 22. g5 Kh8 23. Rxf7 Nxc4 24. dxc4 Qxe4+ 25. Qf3 Qxb1 26. gxh6 Rg6+ 27. Kh2 gxh6 28. h5 Rge6 29. Qg4 Qe1 30. Qg7# 1-0

[Event "Early-Titled-Tuesday-Blitz-May-14-2024"]
[Site "Chess.com"]
[Date "2024.05.14"]
[Round "7"]
[White "SargissyanSargis"]
[Black "Stanbad1"]
[Result "0-1"]
[WhiteElo "2429"]
[BlackElo "2601"]
[TimeControl "180+1"]
[EndTime "9:18:41 PDT"]
[Termination "Stanbad1 won on time"]

1. e4 e6 2. d4 d5 3. Nc3 Nf6 4.
Bg5 Bb4 5. e5 h6 6. Be3 Ne4 7.
Qg4 g6 8. a3 Bxc3+ 9. bxc3 h5 10.
Qf4 g5 11. Qf3 c5 12. Bd3 Nxc3 13. dxc5 d4 14. Bd2 Bd7 15. Ne2 Bc6 16. Qg3 h4 17. Qxg5 Qxg5 18. Bxg5 h3 19. Rg1 Nxe2 20. Kxe2 hxg2 21. h4 Nd7 22. f4 Nxc5 23. Kf2 Ne4+ 24.
Bxe4 Bxe4 25. Rad1 Rc8 26. Rxd4 Rxc2+ 27. Kg3 Bd5 28.
Kg4 Kd7 29. h5 b5 30. h6 Kc6 31. Kh4 a5 32. Kh5 Kc5 33. Rd3 Kc4 34. Rg3 b4 35. axb4 axb4 36. Bf6 Rh7 37. Rg7 Be4 38. Rg8 b3 39. Rc8+ Kd3 40. Rd1+ Ke2 41. Rb1 Rxc8 0-1

[Event "Early-Titled-Tuesday-Blitz-May-14-2024"]
[Site "Chess.com"]
[Date "2024.05.14"]
[Round "7"]
[White "Denisenko_Denis"]
[Black "stepanosinovsky"]
[Result "0-1"]
[WhiteElo "2417"]
[BlackElo "2325"]
[TimeControl "180+1"]
[EndTime "9:18:42 PDT"]
[Termination "stepanosinovsky won by resignation"]

1. e4 e5 2. Nf3 Nc6 3. Bb5 a6 4. Bxc6 dxc6 5. O-O f6 6. d4 exd4 7. Qxd4 Qxd4 8. Nxd4 c5 9. Ne2 Bd6 10. Bf4 Be6 11.
Rd1 O-O-O 12. Bxd6 Rxd6 13. Nbc3 Ne7 14. f3 Rhd8 15.
b3 b6 16. Kf2 Nc6 17. Rxd6 Rxd6 18. Rd1 Nd4 19. Nxd4 cxd4 20. Ne2 c5 21. Nf4 Bf7 22. Ke2 Kc7 23. g4 b5 24. h4 c4 25. h5 a5 26.
Kd2 d3 27. cxd3 cxb3 28. axb3 Bxb3 29. Rc1+ Rc6 30. Rxc6+ Kxc6 31. d4 b4 32. d5+ Kd7 33.
Ne6 Bc4 34. Nxg7 a4 35. Nf5 a3 36. Kc2 b3+ 37. Kc3 b2 38. Kc2 Bd3+ 0-1